 Dungeon Crawl Stone Soup version 0.31-a0-986-g5e6e4ef867 (webtiles) character file.

Game seed: 13268009844239917776

210 Zonian the Conjurer (level 5, -13/28 HPs)
             Began as a Deep Elf Conjurer on Nov 14, 2023.
             Killed from afar by an oklob sapling (20 damage)
             ... with a splash of acid
             ... on level 4 of the Dungeon.
             The game lasted 00:07:40 (4747 turns).

Zonian the Conjurer (Deep Elf Conjurer)             Turns: 4747, Time: 00:07:41

Health: -13/28     AC:  6    Str:  4    XL:     5   Next: 56%
Magic:  9/14       EV: 13    Int: 25    God:
Gold:   166        SH:  0    Dex: 13    Spells: 7/13 levels left

rFire   + . .        n - +0 dagger (venom) {short}
rCold   . . .        (no shield)
rNeg    . . .        a - +0 robe
rPois   .            (no helmet)
rElec   .            (no cloak)
rCorr   .            o - +0 pair of gloves
SInv    .            i - +2 pair of boots
Will    .....        (no amulet)
Stlth   +++          f - ring of protection from fire
HPRegen 0.24/turn    (no ring)
MPRegen 0.14/turn

%: no passive effects
@: no status effects
A: no striking features
a: no special abilities


You were on level 4 of the Dungeon.
You visited 1 branch of the dungeon, and saw 4 of its levels.

You collected 166 gold pieces.


   Skills:
 + Level 4.1 Dodging
 + Level 4.2 Stealth
 + Level 4.7 Spellcasting
 + Level 5.3 Conjurations
 + Level 0.0 Hexes


You had 7 spell levels left.
You knew the following spells:

 Your Spells              Type           Power      Damage    Failure   Level
a - Magic Dart            Conj           100%       1d8       1%          1
b - Searing Ray           Conj           64%        2d6       1%          2
c - Dazzling Flash        Conj/Hex       38%        N/A       9%          3

Your spell library contained the following spells:

 Spells                   Type           Power      Damage    Failure   Level
 Cigotuvi's Dreadful Rot  Necr/Pois/Air  10%        N/A       13%         2
 Fulminant Prism          Conj/Hex       9%         3d7       28%         4
 Iskenderun's Mystic Bla  Conj/Tloc      19%        2d6       28%         4
 Dispel Undead            Necr           5%         3d7       63%         4
 Death Channel            Necr           2%         N/A       100%        6

Inventory:

Hand Weapons
 c - a +0 club {mace}
   (You took it off a goblin on level 1 of the Dungeon)
 d - a +0 dagger {short}
   (You took it off a goblin on level 1 of the Dungeon)
 l - a +0 heavy mace {mace}
   (You found it on level 1 of the Dungeon)
 n - a +0 dagger of venom (weapon) {short}
   (You took it off Jessica on level 2 of the Dungeon)
Missiles
 g - 5 poisoned darts {throwing}
Armour
 a - a +0 robe (worn)
 i - a +2 pair of boots (worn)
   (You found it on level 1 of the Dungeon)
 o - a +0 pair of gloves (worn)
   (You found it on level 2 of the Dungeon)
Jewellery
 f - a ring of protection from fire (left hand)
   (You found it on level 1 of the Dungeon)
Potions
 b - 2 potions of magic
 e - a potion of degeneration {!q@e2}
 h - a potion of heal wounds {unknown}
 m - a potion of resistance {unknown}
 s - a potion of berserk rage {unknown}

Dungeon Overview and Level Annotations

Branches:
Dungeon (4/15) Zot: 19253  Temple (0/1) D:4

Altars:
Qazlal

Annotations:
D:4 1 runed translucent door, exclusion: oklob sapling, Pargi; Pikel; RandomusNamus's ghost, amateur OpSh

##+#######'##....##.# +#
#..#....# #..#....# # #..+....#
.# . ##'#....##'##'#
#..............
#......P............
#....P.....P.........#
#.....P@.............'.
#.....PP>........... #..
#....PPP..PP.........##.
#####.P.PPP.......# ....
#..PP..P......#.....
#......#.........#+# ###
#......#........##.# ######.#
#......#.......##...
..##...########..####......##....


You could see an oklob sapling.


Message History

😎 MP[+4]
Your mp is fully restored (14).
Unknown command.
The magic dart hits the lemure. 😎 MP[-1]
You lost 1 mp, and now have 13/14 mp.
The magic dart hits the lemure but does no damage. 😎 MP[-1]
You lost 1 mp, and now have 12/14 mp.
Unknown command.
There is an open door here. 😎 MP[+1]
The magic dart hits the lemure. 😎 MP[-1]
You lost 1 mp, and now have 12/14 mp.
The magic dart hits the lemure. 😎 MP[-1]
You lost 1 mp, and now have 11/14 mp.
Casting: Magic Dart (safe; 1% risk of failure)
Confirm with . or Enter, or press ? or * to list all spells.
Aiming: Searing Ray (safe; 1% risk of failure)
Press: ? - help, Shift-Dir - straight line, f/p - lemure
Aim: a lemure (heavily wounded, 76% to hit)
The searing ray hits the lemure! (Press . to maintain the ray.) 😎 MP[-2]
You lost 2 mp, and now have 9/14 mp.
Unknown command.
The searing ray hits the lemure!
You kill the lemure!
That felt strangely unrewarding. 😎 MP[-1]
You lost 1 mp, and now have 8/14 mp.
Unknown command.
You start resting. 😎 MP[+6]
Your mp is fully restored (14).
You start waiting.
Done waiting.
Unknown command.
You open the door.
You now have 166 gold pieces (gained 4).
There is an open door here.
You open the door.
Found a stone staircase leading down.
There is an open door here.
You open the door.
There is an open door here.
You open the door.
There is an open door here.
There is an open door here.
There is an open door here.
You open the door.
There is an open door here.
There is an open door here.
There is an open door here.
Found a staircase to the Ecumenical Temple.
A malevolent force fills the Dungeon... and a teleportation trap spontaneously manifests!
You are yanked towards a nearby monster!
Your surroundings suddenly seem different.
You hit the oklob sapling.
You hit the oklob sapling but do no damage.
You hit the oklob sapling but do no damage.
You hit the oklob sapling but do no damage.
Casting: Searing Ray (safe; 1% risk of failure)
Confirm with . or Enter, or press ? or * to list all spells.
Aiming: Searing Ray (safe; 1% risk of failure)
Press: ? - help, Shift-Dir - straight line, f - oklob sapling
Aim: an oklob sapling (lightly damaged, 100% to hit)
The searing ray hits the oklob sapling.
The searing ray hits the plant.
The plant begins to die.
The searing ray hits the plant!
The plant begins to die. (Press . to maintain the ray.) 😎 MP[-2]
You lost 2 mp, and now have 12/14 mp.
Unknown command.
The searing ray hits the oklob sapling.
The searing ray hits the plant! x2
The oklob sapling spits acid at you. The splash of acid hits you!!
Ouch! That really hurt!
* * * LOW HITPOINT WARNING * * *
😱 HP[-26] MP[-1]
You take 26 damage, and now have 2/28 hp.
MASSIVE DAMAGE!! (PAUSE)
You lost 1 mp, and now have 11/14 mp.
You feel better. 😱 HP[+5]
You regained 5 hp, and now have 7/28 hp.
Casting: Searing Ray (safe; 1% risk of failure)
Confirm with . or Enter, or press ? or * to list all spells.
Aiming: Searing Ray (safe; 1% risk of failure)
Press: ? - help, Shift-Dir - straight line, f/p - oklob sapling
Aim: an oklob sapling (lightly damaged, 100% to hit)
The searing ray hits the oklob sapling.
The searing ray hits the plant.
The searing ray hits the plant! (Press . to maintain the ray.)
The oklob sapling spits acid at you. The splash of acid hits you!!
Ouch! That really hurt!
You die...

Skill      XL: |  1  2  3  4  5 |
---------------+----------------+-----
Stealth        | 3 4 |  4.2
Dodging        | 3 4 |  4.1
Spellcasting   | 4 |  4.7
Conjurations   | 5 |  5.3

Action                     |  1- 3 |  4- 6 || total
---------------------------+-------+-------++-------
  Melee: Unarmed           |    17 |       ||    17
         Dagger            |    10 |     9 ||    19
   Cast: Magic Dart        |    68 |    84 ||   152
         Searing Ray       |       |    11 ||    11
    Use: Scroll            |     1 |     4 ||     5
         Potion            |       |     1 ||     1
   Stab: Sleeping          |       |     1 ||     1
 Armour: Robe              |    16 |    12 ||    28
  Dodge: Dodged            |    27 |    11 ||    38

Levels and vault maps discovered:
D:1:      dpeg_arrival_simpleton_c, layout_rooms, minmay_misc_feat_four_crosses,
          minmay_bisected
D:2:      layout_basic, basic_altar, chequers_arboretum, uniq_jessica
D:3:      layout_basic
D:4:      layout_gridville, minmay_temple_entry_oklob,
          hellmonk_ghost_happy_afterlife, minmay_misc_feat_square, uniq_natasha,
          uniq_edmund, uniq_pikel, uniq_pargi

Notes
Turn   | Place    | Note
-------+----------+-------------------------------------------
     0 | D:1      | Zonian the Deep Elf Conjurer began the quest for the Orb.
     0 | D:1      | Reached XP level 1. HP: 10/10 MP: 6/6
     0 | D:1      | magus.rc [v1.9.6]
   113 | D:1      | Reached XP level 2. HP: 15/15 MP: 0/8
   519 | D:1      | Reached skill level 3 in Stealth
   560 | D:1      | Reached skill level 3 in Dodging
   690 | D:1      | Learned a level 2 spell: Searing Ray
   733 | D:1      | Reached XP level 3. HP: 19/19 MP: 6/10
  1009 | D:2      | Noticed Jessica
  1012 | D:2      | Killed Jessica
  1190 | D:2      | Found a stormy altar of Qazlal.
  1324 | D:2      | Reached XP level 4. HP: 24/24 MP: 9/11
  1425 | D:2      | Reached skill level 4 in Spellcasting
  1753 | D:2      | Reached skill level 5 in Conjurations
  3220 | D:3      | You fall into a shaft and drop 1 floor!
  3257 | D:4      | Noticed a lemure
  3257 | D:4      | Noticed a lemure
  3257 | D:4      | Noticed Pikel
  3281 | D:4      | Killed a lemure
  3449 | D:4      | Noticed a lemure
  3450 | D:4      | Noticed a lemure
  3475 | D:4      | Reached XP level 5. HP: 28/28 MP: 9/13
  3476 | D:4      | Reached skill level 4 in Stealth
  3480 | D:4      | Killed a lemure
  3483 | D:4      | You pick up a book of Decay and begin reading...
  3483 | D:4      | You add the spells Cigotuvi's Dreadful Rot, Dispel Undead
                  | and Death Channel to your library.
  4094 | D:4      | Noticed Pargi
  4144 | D:4      | Noticed Natasha
  4149 | D:4      | Killed Natasha
  4150 | D:4      | Reached skill level 4 in Dodging
  4379 | D:4      | Found a runed translucent door.
  4379 | D:4      | Noticed RandomusNamus's ghost (amateur OpSh)
  4384 | D:4      | Learned a level 3 spell: Dazzling Flash
  4499 | D:4      | Killed a lemure
  4729 | D:4      | Found a staircase to the Ecumenical Temple.
  4745 | D:4      | HP: 2/28 [oklob sapling/splash of acid (26)]
  4747 | D:4      | Killed from afar by an oklob sapling

Vanquished Creatures
  3 lemures (D:4)
  A hound (D:4)
  Jessica (D:2)
  Natasha (D:4)
  4 adders
  A worm (D:4)
  3 dart slugs
  2 orcs
  7 ball pythons
  5 bats
  8 endoplasms
  7 giant cockroaches
  7 goblins
  8 hobgoblins
  2 jackals (D:3)
  6 quokkas
  3 frilled lizards
  4 kobolds
  8 rats
81 creatures vanquished.

Table legend:
 A = Non-vault XP
 B = Vault XP
 C = Vault XP percentage of total XP
 D = Non-vault monster count
 E = Vault monster count
 F = Vault count percentage of total count
                 A         B        C        D         E       F
            +---------+---------+-------+---------+---------+-------
      Total |     223 |      77 |  25.7 |      73 |       5 |   6.4
            +---------+---------+-------+---------+---------+-------
        D:1 |      44 |       5 |  10.2 |      25 |       3 |  10.7
        D:2 |      56 |      37 |  39.8 |      20 |       1 |   4.8
        D:3 |      49 |       0 |   0.0 |      20 |       0 |   0.0
        D:4 |      74 |      35 |  32.1 |       8 |       1 |  11.1
            +---------+---------+-------+---------+---------+-------

Skill      XL: |  1  2  3  4  5 |
---------------+----------------+-----
Stealth        | 3 4 |  4.2
Dodging        | 3 4 |  4.1
Spellcasting   | 4 |  4.7
Conjurations   | 5 |  5.3

Action                     |  1- 3 |  4- 6 || total
---------------------------+-------+-------++-------
  Melee: Unarmed           |    17 |       ||    17
         Dagger            |    10 |     9 ||    19
   Cast: Magic Dart        |    68 |    84 ||   152
         Searing Ray       |       |    11 ||    11
    Use: Scroll            |     1 |     4 ||     5
         Potion            |       |     1 ||     1
   Stab: Sleeping          |       |     1 ||     1
 Armour: Robe              |    16 |    12 ||    28
  Dodge: Dodged            |    27 |    11 ||    38

Illustrated notes

Table legend:
 A = Kills in this place as a percentage of kills in the entire game.
 B = Kills by you in this place as a percentage of kills by you in the entire game.
 C = Kills by friends in this place as a percentage of kills by friends in the entire game.
 D = Other kills in this place as a percentage of other kills in the entire game.
 E = Experience gained in this place as a percentage of experience gained in the entire game.
 F = Experience gained in this place divided by the number of levels of this place that you have seen.
                   A       B       C       D       E      F
               +-------+-------+-------+-------+-------+----------------------
         Total | 100.0 | 100.0 |   N/A |   N/A | 100.0 |  75.0
       Dungeon | 100.0 | 100.0 |   N/A |   N/A | 100.0 |  75.0
               +-------+-------+-------+-------+-------+----------------------

Table legend: (Time is in decaauts)
 A = Elapsed time spent in this place.
 B = Non-inter-level travel time spent in this place.
 C = Inter-level travel time spent in this place.
 D = Time resting spent in this place.
 E = Time spent auto-exploring this place.
 F = Levels seen in this place.
 G = Mean time per level.
                   A        B        C        D        E       F      G
               +--------+--------+--------+--------+--------+-----+--------+
         Total |   4745 |   4624 |    121 |    915 |   3097 |   4 | 1186.2 |
       Dungeon |   4745 |   4624 |    121 |    915 |   3097 |   4 | 1186.2 |
               +--------+--------+--------+--------+--------+-----+--------+

Top non-repeatable levels by time:
     D:2: 1307 daAuts
     D:3: 1280 daAuts
     D:4: 1158 daAuts
     D:1: 999 daAuts
